Map: [ESL] Dragon Scales

Players

Reynor - Winner!

  • Race: Zerg Zerg
  • League: Master
  • Spawn Location: 11:00

Kelazhur

  • Race: Terran Terran
  • League: Master
  • Spawn Location: 5:00

Event: HomeStory Cup XXIII

VOD

Have the link to the VOD?

Description

Time

  • Played on: June 30, 2023, 9:56 a.m.
  • Length: 17:31

All games in this series

Show
View Real Time Build Order
Export as new Build Order

Reynor Zerg - Winner!

Build Orders: Hatch First 

Get SALT Encoding   

  12  0:00  Drone  
  13  0:11  Overlord  
  13  0:16  Drone  
  14  0:30  Drone x2  
  16  0:47  Hatchery  
  15  0:50  Drone  
  15  0:54  Drone  
  17  0:57  Drone  
  18  1:08  Extractor  
  17  1:12  Spawning Pool  
  17  1:15  Drone  
  17  1:19  Drone  
  18  1:27  Drone  
  19  1:37  Drone  
  20  1:48  Overlord  
  20  1:58  Queen  
  20  1:59  Queen, Zergling x4  
  26  2:11  Spore Crawler, Zergling x2  
  26  2:12  Metabolic Boost  
  26  2:15  Drone  
  26  2:20  Zergling x4  
  28  2:33  Zergling x4  
  28  2:34  Queen  
  31  2:41  Queen  
  32  2:51  Drone  
  32  2:57  Zergling x6  
  34  3:04  Drone  
  35  3:06  Overlord  
  35  3:11  Drone  
  36  3:16  Drone  
  36  3:20  Overlord  
  36  3:26  Drone  
  36  3:27  Drone x2  
  39  3:34  Hatchery  
  38  3:35  Drone  
  38  3:38  Drone  
  40  3:43  Drone x2  
  40  3:47  Drone x2  
  44  3:50  Drone x2  
  44  3:52  Drone  
  47  3:56  Overlord  
  47  4:03  Drone x2  
  47  4:05  Drone  
  47  4:08  Queen  
  52  4:12  Overlord  
  52  4:18  Queen  
  52  4:22  Zergling x4  
  52  4:23  Zergling x4  
  58  4:31  Roach Warren  
  57  4:33  Zergling x4  
  57  4:35  Overlord  
  57  4:36  Zergling x2  
  60  4:46  Zergling x2  
  60  4:47  Zergling x2  
  60  4:48  Queen  
  60  4:49  Overlord  
  64  4:57  Drone  
  64  4:58  Drone  
  64  4:59  Queen  
  68  5:01  Drone x2  
  68  5:03  Overlord  
  70  5:09  Overlord  
  70  5:13  Roach x2  
  71  5:18  Roach x2  
  71  5:19  Evolution Chamber  
  71  5:25  Roach x3  
  74  5:32  Drone x4  
  74  5:33  Drone  
  74  5:35  Drone  
  74  5:37  Overlord  
  74  5:39  Drone  
  74  5:41  Drone  
  74  5:43  Drone  
  74  5:45  Drone  
  74  5:52  Drone x3  
  74  5:57  Spore Crawler  
  76  5:59  Lair  
  76  6:00  Extractor  
  76  6:02  Drone x2  
  76  6:03  Drone, Spore Crawler  
  77  6:09  Drone  
  78  6:15  Drone x2  
  78  6:17  Drone  
  79  6:19  Drone x2  
  79  6:21  Drone x2  
  79  6:22  Drone, Hatchery  
  79  6:23  Drone  
  79  6:24  Drone  
  83  6:29  Extractor, Evolution Chamber  
  83  6:30  Extractor, Evolution Chamber  
  79  6:33  Drone x2  
  79  6:35  Drone  
  79  6:39  Drone x3  
  85  6:44  Overlord  
  85  6:45  Drone  
  86  6:48  Spore Crawler  
  86  6:49  Drone  
  86  6:53  Overlord  
  86  6:58  Drone x2  
  88  7:01  Baneling Nest, Zerg Ground Armor Level 1  
  88  7:02  Overlord  
  88  7:04  Zerg Melee Weapons Level 1  
  88  7:05  Drone x4  
  88  7:08  Zergling x8  
  93  7:09  Zergling x2  
  93  7:12  Zergling x2  
  93  7:14  Queen  
  97  7:19  Zergling x2  
  97  7:21  Zergling x6  
  101  7:25  Zergling x10  
  101  7:29  Zergling x2  
  107  7:32  Zergling x2  
  107  7:33  Zergling x2  
  107  7:35  Zergling x2  
  110  7:40  Zergling x2  
  110  7:43  Zergling x2  
  111  7:46  Centrifugal Hooks, Zergling x4  
  111  7:49  Drone  
  114  7:52  Overlord  
  114  7:53  Ravager x3  
  114  7:54  Zergling x2  
  114  7:55  Zergling x12  
  114  7:58  Zergling x6  
  127  8:03  Hatchery  
  120  8:08  Zergling x8  
  120  8:12  Drone  
  123  8:14  Drone  
  123  8:17  Queen, Drone x3  
  123  8:18  Drone  
  123  8:19  Zergling x2  
  131  8:21  Hatchery, Drone  
  131  8:24  Zergling x10  
  131  8:26  Overlord  
  136  8:28  Overlord  
  136  8:31  Infestation Pit  
  134  8:34  Zergling x2  
  134  8:36  Baneling x18  
  134  8:41  Drone x2  
  135  8:42  Overlord  
  135  8:44  Spore Crawler, Zergling x4  
  131  8:50  Zergling x10  
  131  8:52  Zergling x6  
  131  8:53  Zergling x4  
  141  8:56  Zerg Ground Armor Level 2  
  141  8:59  Zergling x4  
  141  9:02  Zergling x4  
  145  9:05  Zergling x2  
  145  9:07  Extractor, Overlord  
  145  9:09  Zerg Melee Weapons Level 2  
  145  9:12  Zergling x4  
  145  9:13  Extractor  
  145  9:15  Zergling x2  
  145  9:16  Queen  
  145  9:17  Drone x3  
  149  9:18  Drone x2  
  149  9:22  Zergling x6  
  149  9:24  Hive  
  150  9:29  Zergling x12  
  156  9:31  Queen  
  156  9:36  Drone x2, Zergling x6  
  155  9:41  Zergling x8  
  154  9:48  Zergling x6  
  154  9:49  Zergling x4  
  154  9:51  Roach  
  154  9:52  Roach x2  
  165  9:54  Overlord  
  165  9:55  Zergling x4  
  166  10:02  Zergling x2  
  166  10:03  Zergling x8  
  166  10:05  Overlord, Baneling x13  
  171  10:09  Overlord x2  
  171  10:14  Zergling x12  
  177  10:23  Drone x3  
  178  10:33  Hatchery  
  178  10:34  Zergling x22  
  188  10:36  Queen  
  188  10:42  Drone, Viper x2  
  186  10:44  Viper  
  186  10:46  Viper  
  186  10:49  Zergling x16  
  195  10:53  Overseer  
  195  10:54  Zergling x2  
  195  10:55  Zergling x14  
  199  10:58  Spore Crawler  
  199  10:59  Zergling x2  
  199  11:03  Adrenal Glands  
  199  11:10  Zergling x2  
  200  11:21  Baneling  
  200  11:22  Baneling x12  
  200  11:39  Zergling x2  
  186  11:49  Zergling x28  
  198  11:56  Baneling x16  
  198  11:57  Baneling x7  
  198  11:59  Zergling x2  
  199  12:02  Extractor  
  199  12:07  Pneumatized Carapace  
  199  12:08  Zergling x2  
  199  12:12  Zergling x8  
  150  12:23  Zergling x6  
  150  12:24  Zergling x52  
  159  12:33  Drone x9  
  152  12:39  Zergling x12  
  152  12:43  Drone x2  
  142  12:46  Zergling x6  
  142  12:47  Zergling x6  
  142  12:48  Drone x3  
  144  12:52  Roach  
  144  12:55  Drone  
  144  12:57  Baneling x9  
  144  12:58  Roach x2  
  151  12:59  Zergling x6  
  154  13:07  Baneling x3  
  154  13:08  Baneling x9  
  154  13:10  Zergling x8  
  154  13:12  Extractor  
  155  13:13  Zergling x4  
  156  13:20  Baneling  
  156  13:21  Baneling x10  
  156  13:22  Zergling x20  
  156  13:25  Overlord  
  166  13:28  Zergling x10  
  159  13:35  Zergling x2  
  159  13:36  Zergling x8  
  159  13:40  Zergling x2  
  159  13:41  Zergling x2  
  163  13:45  Zergling x4  
  163  13:46  Zergling x2  
  163  13:47  Zergling x2  
  159  13:49  Zergling x2  
  159  13:54  Zergling x4  
  161  14:00  Zergling x6  
  151  14:05  Zergling x4  
  151  14:10  Zergling x12  
  155  14:18  Hatchery, Overseer  
  155  14:23  Zergling x8  
  157  14:27  Hatchery  
  157  14:28  Zergling x4  
  157  14:32  Zergling x4  
  157  14:36  Zergling x2  
  137  14:44  Infestor x2  
  139  14:49  Zergling x8  
  139  14:50  Zergling x4  
  144  14:55  Baneling x14  
  144  14:59  Zergling x2  
  145  15:01  Zergling x2  
  145  15:03  Zergling x2  
  145  15:05  Zergling x2  
  145  15:12  Ravager x4  
  145  15:14  Zergling x6  
  152  15:32  Zergling x18  
  154  15:51  Baneling x7  
  154  15:53  Zergling x22  
  157  16:07  Zergling x22  
  157  16:08  Zergling x8  
  172  16:11  Zergling x2  
  172  16:12  Zergling x4  
  175  16:23  Zergling x22  
  165  16:37  Zergling x6  
  165  16:38  Zergling x12  
  174  16:43  Zergling x12  
  180  16:52  Zergling x12  
  156  16:56  Zergling x2  
  156  16:57  Zergling x6  
  141  17:01  Zergling x4  
  141  17:02  Zergling x6  
  141  17:07  Zergling x4  
  154  17:23  Hatchery  
  154  17:26  Ultralisk Cavern  
Show
View Real Time Build Order
Export as new Build Order

Kelazhur Terran 

Build Orders:  

Get SALT Encoding   

  12  0:00  SCV  
  13  0:12  SCV  
  14  0:17  Supply Depot  
  14  0:24  SCV  
  15  0:39  Barracks  
  15  0:43  Refinery  
  15  0:56  Barracks  
  15  1:00  SCV  
  16  1:12  SCV  
  18  1:26  Orbital Command  
  18  1:27  Reaper  
  18  1:39  Supply Depot  
  18  1:44  Reaper  
  19  1:52  SCV  
  20  2:03  Reaper  
  20  2:04  SCV  
  22  2:17  SCV  
  23  2:27  Command Center  
  23  2:38  SCV  
  24  2:44  Factory  
  24  2:51  SCV  
  25  3:00  Supply Depot  
  25  3:01  Refinery  
  25  3:03  SCV  
  26  3:15  SCV  
  27  3:27  SCV  
  27  3:28  Factory Reactor  
  27  3:30  Command Center  
  27  3:32  Starport  
  28  3:39  Orbital Command, SCV  
  29  3:51  SCV  
  30  3:59  Marine  
  30  4:01  Orbital Command, Marine  
  32  4:03  SCV  
  32  4:05  Hellion x2  
  32  4:08  Medivac  
  39  4:11  Armory  
  39  4:15  SCV  
  40  4:17  Marine  
  40  4:18  Marine  
  42  4:27  SCV x2  
  42  4:29  Hellion x2  
  48  4:39  SCV x2  
  48  4:43  Barracks Reactor, Barracks Tech Lab  
  50  4:51  SCV  
  50  4:52  SCV  
  53  4:53  Orbital Command  
  53  4:54  Hellion  
  53  4:55  Hellion  
  56  5:00  Liberator  
  56  5:03  SCV  
  56  5:06  SCV  
  60  5:15  Hellion, SCV  
  60  5:16  Hellion  
  59  5:22  SCV  
  59  5:37  SCV  
  51  5:45  SCV  
  51  5:46  SCV  
  51  5:48  Marine x2  
  51  5:54  SCV  
  51  5:56  Barracks Tech Lab  
  50  5:57  SCV  
  50  6:04  SCV  
  52  6:07  Barracks, SCV, Starport Reactor  
  52  6:08  Bunker, Marine  
  52  6:10  Supply Depot  
  54  6:12  SCV  
  54  6:18  SCV  
  54  6:20  Stimpack, Marine  
  54  6:21  Marauder, Siege Tank  
  54  6:22  SCV  
  54  6:24  SCV  
  62  6:28  Refinery  
  62  6:29  Refinery  
  62  6:30  SCV  
  63  6:34  Marine  
  63  6:36  SCV  
  63  6:37  SCV  
  63  6:38  Marine  
  67  6:41  Supply Depot  
  67  6:42  SCV  
  67  6:45  Marine  
  69  6:48  SCV  
  69  6:49  SCV  
  69  6:54  Barracks  
  71  6:56  Barracks  
  71  6:57  Orbital Command  
  71  6:58  Medivac x2  
  71  7:00  SCV  
  76  7:04  Marine x3  
  76  7:05  Marine, SCV  
  80  7:08  Supply Depot  
  80  7:11  Supply Depot  
  80  7:13  SCV  
  80  7:14  Siege Tank  
  80  7:15  Marine  
  83  7:17  SCV  
  83  7:22  Marine, SCV  
  83  7:23  Marine x2  
  85  7:30  Marine, SCV x2  
  85  7:31  Engineering Bay  
  85  7:32  Engineering Bay, Marine  
  85  7:34  SCV  
  90  7:42  SCV x2  
  92  7:44  Marine x3  
  92  7:46  SCV, Barracks Reactor  
  92  7:47  Barracks Reactor  
  92  7:49  Supply Depot  
  92  7:51  Supply Depot x2  
  96  7:54  SCV x2  
  96  7:55  Marine x2  
  100  7:58  SCV  
  100  8:00  Combat Shield  
  101  8:07  Marine  
  101  8:08  SCV  
  101  8:11  Siege Tank  
  104  8:13  SCV  
  104  8:14  Marine x4, Medivac x2  
  104  8:15  Terran Infantry Weapons Level 1  
  104  8:16  Terran Infantry Armor Level 1  
  113  8:20  Refinery  
  113  8:25  Marine x4  
  113  8:26  Marine  
  118  8:31  SCV, Supply Depot  
  118  8:32  Marine x2  
  118  8:33  Marine x2  
  123  8:36  Supply Depot  
  123  8:37  Supply Depot  
  123  8:38  SCV x2  
  125  8:43  Marine  
  125  8:44  SCV  
  125  8:49  Factory  
  125  8:52  Marine x3  
  125  8:53  SCV, Medivac x2  
  133  8:58  Marine x5, Siege Tank  
  133  9:01  Marine  
  133  9:02  Supply Depot  
  142  9:03  Supply Depot  
  142  9:10  Marine x3  
  142  9:16  Marine x4  
  149  9:21  Command Center  
  143  9:26  Marine x2  
  143  9:28  Marine x3  
  143  9:29  Medivac x2  
  152  9:34  Marine x3  
  153  9:43  Marine  
  153  9:45  Marine x2, Siege Tank, Drilling Claws  
  144  9:46  Marine x2, Factory Reactor  
  144  9:49  Refinery  
  144  9:50  Marine  
  148  9:56  Sensor Tower  
  148  9:57  Marine  
  148  9:58  Marine  
  148  9:59  Marine  
  151  10:00  SCV x2  
  151  10:01  SCV, Marine  
  151  10:03  Marine x2  
  151  10:04  Marine x2, Supply Depot  
  151  10:06  Supply Depot  
  159  10:12  Marine  
  159  10:13  SCV  
  161  10:15  Marine  
  161  10:16  Terran Infantry Weapons Level 2, Terran Infantry Armor Level 2  
  162  10:21  Marauder  
  162  10:23  Marine  
  162  10:26  Widow Mine x3  
  171  10:31  Marine x5  
  176  10:47  Marine  
  176  10:48  Marine x4  
  176  10:49  Marine x4  
  173  10:52  Widow Mine x2  
  173  10:53  Widow Mine  
  173  10:56  Liberator x2  
  182  11:04  Marine  
  182  11:06  Marauder  
  182  11:07  Barracks  
  185  11:12  Barracks  
  185  11:14  Barracks  
  185  11:17  Widow Mine x2  
  189  11:19  Marine x3  
  189  11:25  Planetary Fortress  
  192  11:28  Marauder, Marine  
  192  11:31  Supply Depot  
  195  11:33  Widow Mine  
  195  11:38  Widow Mine x2  
  188  11:42  Marine x7  
  188  11:46  Marine  
  176  11:49  Marauder  
  177  11:55  Widow Mine  
  177  11:56  SCV x3  
  177  11:59  Widow Mine  
  177  12:00  Widow Mine, Marine  
  187  12:04  Marine x2  
  190  12:08  SCV x2  
  190  12:11  Marauder  
  190  12:15  Marine  
  163  12:23  Medivac x2  
  163  12:24  Marine  
  163  12:27  Marine  
  150  12:30  Marine  
  150  12:31  Marine x7  
  150  12:32  Marauder  
  150  12:33  Marine  
  153  12:42  Marine  
  154  12:44  Marine  
  154  12:48  Marine x4  
  154  12:49  Marine  
  151  12:53  Marauder, Medivac x2  
  151  12:55  Marine  
  158  13:02  Command Center  
  155  13:07  Marine x3  
  155  13:11  Widow Mine x2  
  160  13:15  Marauder  
  162  13:20  Terran Infantry Armor Level 3  
  162  13:21  Marine  
  162  13:23  SCV x3, Medivac  
  168  13:30  Marine  
  168  13:31  Marine  
  159  13:34  Widow Mine x2  
  159  13:36  Marauder  
  159  13:37  Medivac  
  159  13:39  Marine  
  159  13:40  Marine  
  156  13:43  Marine  
  156  13:44  Marine  
  156  13:46  Marine  
  156  13:47  Marine  
  149  13:51  Marine x2  
  149  13:52  Marine  
  149  13:53  Medivac  
  149  13:54  Marine  
  149  13:58  Marauder  
  149  14:02  Marine x5  
  131  14:04  Marine  
  131  14:05  Marine  
  131  14:07  Medivac  
  131  14:08  Marine  
  137  14:11  Widow Mine x2  
  137  14:12  Marine  
  140  14:19  Marauder  
  140  14:22  Widow Mine  
  140  14:23  Marine x4, Medivac  
  142  14:25  Marine x4  
  138  14:39  Marine  
  138  14:40  Widow Mine  
  138  14:41  Widow Mine  
  138  14:44  SCV x2  
  144  14:48  Sensor Tower  
  144  14:51  Orbital Command  
  143  14:55  Medivac x2  
  143  14:56  SCV x2  
  143  14:57  Widow Mine, Marauder  
  143  14:58  Marine  
  154  15:02  Widow Mine  
  156  15:08  Barracks Tech Lab x3  
  156  15:17  Marine  
  156  15:19  Marauder  
  159  15:28  Marauder x3  
  165  15:40  Marauder  
  167  15:49  Marauder x2  
  171  15:50  Widow Mine  
  171  15:54  Marine  
  171  15:56  Widow Mine x2, Marauder  
  171  15:57  Liberator  
  163  16:05  Marine, Marauder  
  166  16:12  Widow Mine  
  166  16:13  Marine  
  166  16:17  Widow Mine  
  167  16:27  Medivac  
  167  16:28  Marauder  
  167  16:30  Marauder  
  167  16:31  Marine x2  
  167  16:32  Widow Mine  
  154  16:33  Widow Mine  
  154  16:34  Marauder  
  154  16:35  Marine x5  
  154  16:36  Marauder  
  154  16:37  Marine  
  164  16:49  Marauder  
  164  16:52  Marauder  
  164  16:53  Widow Mine  
  164  16:54  Widow Mine  
  147  16:55  Marine  
  147  16:56  Marauder  
  147  16:59  Marine  
  147  17:00  Widow Mine  
  141  17:03  Marauder  
  141  17:05  SCV x2  
  137  17:17  SCV  
Tags
 
Add a new tag
Caveats
  • Supply blocks, unpowered buildings, or Contaminate may cause inaccurate times.
  • Supply counts are checked every 10 seconds.